 Dungeon Crawl Stone Soup version 0.29-a0-234-g0dae59b3db (webtiles) character file.

Game seed: 12052207010196270752

33 spaghetti the Bolt Thrower (level 3, 0/27 HPs)
             Began as a Mummy Hunter on Mar 3, 2022.
             Slain by a gnoll
             ... wielding a +0 halberd
              (6 damage)
             ... on level 2 of the Dungeon.
             The game lasted 00:01:47 (1391 turns).

spaghetti the Bolt Thrower (Mummy Hunter)           Turns: 1391, Time: 00:01:48

Health: 0/27       AC:  3    Str: 17    XL:     3   Next: 12%
Magic:  3/3        EV: 11    Int: 10    God:
Gold:   25         SH:  5    Dex: 12    Spells: 2/2 levels left

rFire   x . .      SeeInvis .   b - +0 short sword (venom) {short}
rCold   + . .      Faith    .   (no shield)
rNeg    + + +      Spirit   .   d - +0 leather armour
rPois   ∞          Reflect  +   (no helmet)
rElec   .          Harm     .   (no cloak)
rCorr   .          Rampage  .   (no gloves)
Will    .....                   (no boots)
Stlth   +.........              c - amulet of reflection
HPRegen 0.09/turn               (no ring)
MPRegen 0.08/turn               (no ring)

@: no status effects
A: cold resistance 1, negative energy resistance 3, torment resistance 2, heat
vulnerability 1, in touch with death 1, no potions
a: no special abilities


You were on level 2 of the Dungeon.
You visited 1 branch of the dungeon, and saw 3 of its levels.

You collected 25 gold pieces.


Innate Abilities, Weirdness & Mutations

You are immune to poison.
Your flesh is cold resistant. (rC+)
You are immune to negative energy. (rN+++)
You are immune to unholy pain and torment.
You are vulnerable to heat. (rF-)
You are in touch with the powers of death.
You do not drink.


   Skills:
 - Level 2.0 Fighting
 - Level 4.0 Crossbows
 + Level 1.0 Armour
 - Level 1.5 Dodging
 - Level 0.7 Stealth


You had 2 spell levels left.
You didn't know any spells.
Your spell library contained the following spells:

 Spells                   Type           Power      Damage    Failure   Level
 Slow                     Hex            0%         N/A       41%         1
 Confusing Touch          Hex            0%         N/A       80%         3
 Vampiric Draining        Necr           0%         2d6       80%         3

Inventory:

Hand Weapons
 a - a +1 hand crossbow {crossbow}
 b - a +0 short sword of venom (weapon) {short}
   (You took it off a kobold on level 1 of the Dungeon)
Armour
 d - a +0 leather armour (worn)
Jewellery
 c - an amulet of reflection (around neck)
   (You found it on level 1 of the Dungeon)

Dungeon Overview and Level Annotations

Branches:
Dungeon (3/15)

Altars:

.......#
#.......'...#
..)....#
#.......###.#
.......#
#...........#
.......#
####+#####..#
########
##.#####..#
..........#
..#.#####.#
#.#####.##
+rh@g.gg.#
#.#####g.#####
# #......#
#.####.#
#......#
#g###..#
#..)...#
#g###.## #.#


You could see 4 gnolls, a quokka and a jackal.


Message History

Done exploring.
Done exploring.
Done exploring.
Done exploring.
(D) Dungeon
Where to? (Enter - D:1, ? - help)
There is a stone staircase leading down here.
You climb downwards.
There is a stone staircase leading up here.
Unknown command.
Nothing quivered!
You open the door.
There is an open door here.
f - a scroll labelled WYH JADEMAFU You see here a +0 hunting sling {sling}.
You open the door.
There is an open door here.
You open the door.
There is an open door here.
You open the door.
Found a stone staircase leading down.
As you read the scroll labelled IKHLUA QIAN, it crumbles to dust.
A profound silence engulfs you.
It was a scroll of silence.
Magic scrolls do not work when you're silenced!
An endoplasm comes into view.
The endoplasm quivers.
An endoplasm is nearby!
An endoplasm is nearby!
The endoplasm barely misses you.
You hit the endoplasm but do no damage.
The endoplasm is poisoned.
The endoplasm freezes you.
You are frozen.
You resist. 😕 HP[-2]
You take 2 damage, and now have 25/27 hp.
You hit the endoplasm.
The endoplasm looks as sick as possible!
You kill the endoplasm!
Your Armour skill increases to level 1!
No target in view!
No target in view!
No target in view!
No target in view!
No target in view!
No target in view!
No target in view!
No target in view!
A gnoll comes into view. It is wielding a +0 spear. 😕 HP[+1]
A gnoll is nearby!
A gnoll is nearby!
A gnoll comes into view. It is wielding a +0 halberd.
The gnoll closely misses you.
The gnoll hits you from afar with a +0 halberd!
You block the gnoll's attack. 😮 HP[-11]
You take 11 damage, and now have 15/27 hp.
MASSIVE DAMAGE!! (PAUSE)
You hit the gnoll.
The gnoll is poisoned.
The gnoll closely misses you.
A gnoll comes into view. It is wielding a +0 spear.
The gnoll hits you with a +0 spear.
* * * LOW HITPOINT WARNING * * *
😨 HP[-5]
You take 5 damage, and now have 10/27 hp.
Unknown command.
A gnoll comes into view. It is wielding a +0 whip.
The gnoll hits you from afar with a +0 spear.
* * * LOW HITPOINT WARNING * * *
😱 HP[-6]
You take 6 damage, and now have 4/27 hp.
MASSIVE DAMAGE!! (PAUSE) 😱 HP[+1]
Your hearing returns.
You see here a +0 war axe {axe}.
The gnoll looks more healthy.
There is a stone staircase leading down here.
You climb downwards.
The jackal barks!
The goblin shouts!
The jackal barks! x3; You hear a shout!
There is a stone staircase leading up here.
Unknown command.
Unknown command.
As you read the scroll labelled WYH JADEMAFU, it crumbles to dust.
It is a scroll of identify.
You don't have any unidentified items.
A centaur comes into view.
You block the jackal's attack.
You can't drink.
The jackal bites you but does no damage.
The jackal barely misses you. The quokka closely misses you.
You climb upwards.
The gnoll closely misses you.
There is a stone staircase leading down here. 😱 HP[+1] Unknown command.
You aren't carrying any scrolls.
Unknown command.
You aren't carrying any items that you can evoke.
You can't drink.
You hit the jackal but do no damage.
The jackal is poisoned.
You kill the jackal!
The gnoll hits you with a +0 halberd.
You die...

Skill      XL: |  1  2  3 |
---------------+----------+-----
Crossbows      | 4 |  4.0
Armour         | 1 |  1.0
Fighting       | |  2.0
Dodging        | |  1.5
Stealth        | |  0.7

Action                   || total
-------------------------++-------
Melee: Short sword       ||    55
 Fire: Hand crossbow     ||    21
  Use: Scroll            ||     3
 Stab: Sleeping          ||     2
Armor: Leather armour    ||    12
Dodge: Dodged            ||    22
Block: Other             ||    10

Levels and vault maps discovered:
D:1:      lightli_arrival_noodles, layout_loops_ring,
          shapermc_ecumenical_altar_mp_urbaneastern
D:2:      layout_basic
D:3:      layout_rooms, minivault_14, hex_tiny, uniq_crazy_yiuf_cottage

Notes
Turn   | Place    | Note
-------+----------+-------------------------------------------
     0 | D:1      | spaghetti the Mummy Hunter began the quest for the Orb.
     0 | D:1      | Reached XP level 1. HP: 16/16 MP: 1/1
     0 | D:1      | magus.rc [v1.9.6]
   158 | D:1      | Reached XP level 2. HP: 20/22 MP: 2/2
   352 | D:1      | You pick up a book of Debilitation and begin reading...
   352 | D:1      | You add the spells Slow, Vampiric Draining and Confusing
                  | Touch to your library.
   746 | D:2      | Gained mutation: You are in touch with the powers of death.
                  | [Mummy growth]
   746 | D:2      | Reached XP level 3. HP: 7/27 MP: 3/3
   981 | D:1      | Found a faded altar of an unknown god.
   998 | D:1      | Reached skill level 4 in Crossbows
  1367 | D:2      | Reached skill level 1 in Armour
  1374 | D:2      | HP: 4/27 [gnoll/+0 spear (6)]
  1388 | D:3      | Noticed a centaur
  1391 | D:2      | Slain by a gnoll

Vanquished Creatures
  A worm (D:2)
  6 endoplasms
  A giant cockroach (D:1)
  2 goblins (D:1)
  2 hobgoblins (D:1)
  5 jackals
  4 ball pythons (D:1)
  A frilled lizard (D:1)
  2 kobolds (D:1)
  5 rats
29 creatures vanquished.

Vanquished Creatures (others)
  5 fungi (D:1)
  4 plants (D:1)
9 creatures vanquished.

Grand Total: 38 creatures vanquished

Table legend:
 A = Non-vault XP
 B = Vault XP
 C = Vault XP percentage of total XP
 D = Non-vault monster count
 E = Vault monster count
 F = Vault count percentage of total count
                 A         B        C        D         E       F
            +---------+---------+-------+---------+---------+-------
      Total |      50 |       0 |   0.0 |      29 |       0 |   0.0
            +---------+---------+-------+---------+---------+-------
        D:1 |      37 |       0 |   0.0 |      23 |       0 |   0.0
        D:2 |      13 |       0 |   0.0 |       6 |       0 |   0.0
            +---------+---------+-------+---------+---------+-------

Illustrated notes

Table legend:
 A = Kills in this place as a percentage of kills in entire the game.
 B = Kills by you in this place as a percentage of kills by you in the entire game.
 C = Kills by friends in this place as a percentage of kills by friends in the entire game.
 D = Other kills in this place as a percentage of other kills in the entire game.
 E = Experience gained in this place as a percentage of experience gained in the entire game.
 F = Experience gained in this place divided by the number of levels of this place that you have seen.
                   A       B       C       D       E      F
               +-------+-------+-------+-------+-------+----------------------
         Total | 100.0 | 100.0 |   N/A |   N/A | 100.0 |  16.7
       Dungeon | 100.0 | 100.0 |   N/A |   N/A | 100.0 |  16.7
               +-------+-------+-------+-------+-------+----------------------

Table legend: (Time is in decaauts)
 A = Elapsed time spent in this place.
 B = Non-inter-level travel time spent in this place.
 C = Inter-level travel time spent in this place.
 D = Time resting spent in this place.
 E = Time spent auto-exploring this place.
 F = Levels seen in this place.
 G = Mean time per level.
                   A        B        C        D        E       F      G
               +--------+--------+--------+--------+--------+-----+--------+
         Total |   1403 |   1314 |     89 |    497 |    619 |   3 |  467.7 |
       Dungeon |   1403 |   1314 |     89 |    497 |    619 |   3 |  467.7 |
               +--------+--------+--------+--------+--------+-----+--------+

Top non-repeatable levels by time:
     D:1: 1073 daAuts
     D:2: 328 daAuts
     D:3: 2 daAuts
